 Dungeon Crawl Stone Soup version 0.26-a0-53-g45f243fec8 (webtiles) character file.

Game seed: 16962178329625409238

216 MarredHen the Stinger (level 5, 0/38 HPs)
             Began as a Gnoll Venom Mage on June 7, 2020.
             Slain by a bat (1 damage)
             ... on level 3 of the Dungeon.
             The game lasted 00:06:55 (4027 turns).

MarredHen the Stinger (Gnoll Venom Mage)            Turns: 4027, Time: 00:06:55

Health: 0/38       AC:  4    Str: 11    XL:     5   Next: 93%
Magic:  3/12       EV: 15    Int: 18    God:
Gold:   104        SH:  0    Dex: 15    Spells: 11/14 levels left

rFire    . . .     SeeInvis .   d - +1 dagger (drain)
rCold    . . .     Gourm    .   (no shield)
rNeg     . . .     Faith    .   c - +0 animal skin
rPois    .         Spirit   .   k - +0 helmet
rElec    .         Reflect  .   o - +0 cloak
rCorr    .         Harm     .   (no gloves)
MR       .....                  (no boots)
Stlth    +++.......             (no amulet)
HPRegen  0.12/turn              (no ring)
MPRegen  0.13/turn              (no ring)

@: no status effects
A: distributed training, fangs 1, strong nose
a: no special abilities


You were on level 3 of the Dungeon.
You were hungry.

You visited 1 branch of the dungeon, and saw 3 of its levels.

You collected 104 gold pieces.

Inventory:

Hand Weapons
 d - a +1 dagger of draining (weapon)
 f - a +0 dagger
Armour
 c - a +0 animal skin (worn)
 k - a +0 helmet (worn)
 o - a +0 cloak (worn)
Wands
 n - a wand of acid (7)
Scrolls
 b - a scroll of remove curse
 j - 3 scrolls of teleportation {unknown}
 m - 3 scrolls of identify
Potions
 a - a potion of stabbing {unknown}
 e - a potion of heal wounds {unknown}
 g - a potion of degeneration {unknown}
 i - a potion of flight {unknown}
 l - a potion of brilliance {unknown}
 p - a potion of berserk rage {unknown}
Comestibles
 h - a ration


   Skills:
 + Level 1.6 Fighting
 + Level 1.6 Short Blades
 + Level 1.6 Long Blades
 + Level 1.6 Axes
 + Level 1.6 Maces & Flails
 + Level 1.6 Polearms
 + Level 1.6 Staves
 + Level 1.6 Slings
 + Level 1.6 Bows
 + Level 1.6 Crossbows
 + Level 1.6 Throwing
 + Level 1.6 Armour
 + Level 4.8 Dodging
 + Level 4.5 Stealth
 + Level 1.6 Shields
 + Level 1.6 Unarmed Combat
 + Level 5.2 Spellcasting
 + Level 1.3 Conjurations
 + Level 1.3 Hexes
 + Level 1.3 Charms
 + Level 1.3 Summonings
 + Level 1.3 Necromancy
 + Level 1.3 Translocations
 + Level 2.5 Transmutations
 + Level 1.3 Fire Magic
 + Level 1.3 Ice Magic
 + Level 1.3 Air Magic
 + Level 1.3 Earth Magic
 + Level 5.6 Poison Magic
 + Level 1.9 Invocations
 + Level 1.6 Evocations


You had 11 spell levels left.
You knew the following spells:

 Your Spells              Type           Power        Failure   Level  Hunger
a - Sting                 Tmut/Pois      ###.         2%          1    None
b - Poisonous Vapours     Pois/Air       ###...       4%          2    #......

Your spell library contained the following spells:

 Spells                   Type           Power        Failure   Level  Hunger
 Ignite Poison            Fire/Tmut/Pois ###.....     11%         3    ##.....
 Mephitic Cloud           Conj/Pois/Air  ##......     13%         3    ##.....
 Olgreb's Toxic Radiance  Pois           ###.....     13%         4    ####...


Dungeon Overview and Level Annotations

Branches:
Dungeon (3/15)

Altars:
Beogh

Annotations:
D:3 3 runed translucent doors, Tali's ghost, amateur DsBe


Innate Abilities, Weirdness & Mutations

Your experience applies equally to all skills.
You have very sharp teeth.
Your uncanny sense of smell can sniff out nearby items.


Message History

The orc shouts!
You hit the gnoll. You drain the gnoll.
You kill the gnoll!
You closely miss the gnoll. The bat hits you but does no damage.
The bat completely misses you. The gnoll barely misses you.
The gnoll hits you with a +0 club.
* * * LOW HITPOINT WARNING * * *
The bat hits you but does no damage. The gnoll closely misses you.
The bat hits you but does no damage.
You barely miss the gnoll. The bat closely misses you.
The gnoll hits you with a +0 club.
* * * LOW HITPOINT WARNING * * *
An orc comes into view. It is wielding a +0 hand axe.
The bat hits you but does no damage. The gnoll hits you with a +0 club.
* * * LOW HITPOINT WARNING * * *
The bat hits you but does no damage.
Your magical contamination has completely faded away.
The bat completely misses you. The bat hits you.
You die...

#. #.. .... #)# ....## ##.#
#..#. #.K# ##....##g## ∆
o..<..()r##
..##.####.#g..8####### #.#..
#....b##.#oo...8 #.#.#
#.#.@###.#oo##..
##.#.###.#......#oW#8..
##.>.......).###.#o.##[.
#.....##....## #.#.#....
#....#....#.# #.+.#...[
##...........# ..+.#.8._
####.................+.#...[
#...............#.##.#.#.o.
...<............#.##.#.. #.


You could see Tali's ghost, 2 gnolls, 2 orcs, a bat, a kobold and a rat.

Vanquished Creatures
  A jelly (D:2)
  Robin (D:2)
  2 gnolls (D:3)
  4 adders
  An ooze (D:2)
  3 worms
  6 dart slugs
  5 leopard geckos
  3 orcs (D:2)
  3 giant cockroaches
  8 hobgoblins
  5 jackals
  8 bats
  3 frilled lizards
  20 goblins
  7 kobolds
  8 rats
88 creatures vanquished.

Notes
Turn   | Place    | Note
-------+----------+-------------------------------------------
     0 | D:1      | MarredHen the Gnoll Venom Mage began the quest for the Orb.
     0 | D:1      | Reached XP level 1. HP: 13/13 MP: 6/6
   241 | D:1      | Reached XP level 2. HP: 19/19 MP: 1/7
   726 | D:1      | Reached XP level 3. HP: 25/25 MP: 7/9
   759 | D:1      | Reached skill level 5 in Spellcasting
  1431 | D:2      | Reached skill level 1 in Invocations
  1465 | D:2      | HP: 1/25 [hobgoblin (2)]
  1964 | D:2      | Reached skill level 1 in Fighting
  1964 | D:2      | Reached skill level 1 in Short Blades
  1964 | D:2      | Reached skill level 1 in Long Blades
  1964 | D:2      | Reached skill level 1 in Axes
  1964 | D:2      | Reached skill level 1 in Maces & Flails
  1964 | D:2      | Reached skill level 1 in Polearms
  1964 | D:2      | Reached skill level 1 in Staves
  1964 | D:2      | Reached skill level 1 in Slings
  1964 | D:2      | Reached skill level 1 in Bows
  1964 | D:2      | Reached skill level 1 in Crossbows
  1964 | D:2      | Reached skill level 1 in Throwing
  1964 | D:2      | Reached skill level 1 in Armour
  1964 | D:2      | Reached skill level 1 in Shields
  1964 | D:2      | Reached skill level 1 in Unarmed Combat
  1964 | D:2      | Reached skill level 1 in Evocations
  1964 | D:2      | Reached XP level 4. HP: 23/32 MP: 3/11
  2010 | D:2      | Noticed Robin
  2240 | D:2      | Killed Robin
  2671 | D:2      | Reached skill level 1 in Conjurations
  2671 | D:2      | Reached skill level 1 in Hexes
  2671 | D:2      | Reached skill level 1 in Charms
  2671 | D:2      | Reached skill level 1 in Summonings
  2671 | D:2      | Reached skill level 1 in Necromancy
  2671 | D:2      | Reached skill level 1 in Translocations
  2671 | D:2      | Reached skill level 1 in Fire Magic
  2671 | D:2      | Reached skill level 1 in Ice Magic
  2671 | D:2      | Reached skill level 1 in Air Magic
  2671 | D:2      | Reached skill level 1 in Earth Magic
  2901 | D:2      | Reached XP level 5. HP: 32/37 MP: 7/12
  3879 | D:3      | Learned a level 2 spell: Poisonous Vapours
  3991 | D:3      | Noticed Tali's ghost (amateur DsBe)
  3992 | D:3      | Found a runed translucent gate.
  3992 | D:3      | Found a runed translucent gate.
  3992 | D:3      | Found a runed translucent gate.
  3993 | D:3      | Found a roughly hewn altar of Beogh.
  4025 | D:3      | HP: 1/38 [gnoll/+0 club (6)]
  4027 | D:3      | Slain by a bat

Illustrated notes

Levels and vault maps discovered:
D:1:      lightli_arrival_quake, layout_basic
D:2:      layout_basic, chequers_serial_rivers_room_b, minmay_misc_feat_hallway,
          guppyfry_early_orc_mine, uniq_robin
D:3:      layout_rooms, first_ration, biasface_ghost_orc_armoury

Skill      XL: |  1  2  3  4 |
---------------+-------------+-----
Transmutations | 2 |  2.5
Spellcasting   | 5 |  5.2
Invocations    | 1 |  1.9
Fighting       | 1 |  1.6
Short Blades   | 1 |  1.6
Long Blades    | 1 |  1.6
Axes           | 1 |  1.6
Maces & Flails | 1 |  1.6
Polearms       | 1 |  1.6
Staves         | 1 |  1.6
Slings         | 1 |  1.6
Bows           | 1 |  1.6
Crossbows      | 1 |  1.6
Throwing       | 1 |  1.6
Armour         | 1 |  1.6
Shields        | 1 |  1.6
Unarmed Combat | 1 |  1.6
Evocations     | 1 |  1.6
Conjurations   | 1 |  1.3
Hexes          | 1 |  1.3
Charms         | 1 |  1.3
Summonings     | 1 |  1.3
Necromancy     | 1 |  1.3
Translocations | 1 |  1.3
Fire Magic     | 1 |  1.3
Ice Magic      | 1 |  1.3
Air Magic      | 1 |  1.3
Earth Magic    | 1 |  1.3
Dodging        | |  4.8
Stealth        | |  4.5
Poison Magic   | |  5.6

Action                   |  1- 3 |  4- 6 || total
-------------------------+-------+-------++-------
Melee: Unarmed           |     5 |       ||     5
       Dagger            |    21 |    52 ||    73
       Bite              |     2 |     3 ||     5
 Cast: Sting             |    65 |    69 ||   134
       Poisonous Vapours |       |     7 ||     7
  Use: Scroll            |     3 |       ||     3
 Stab: Sleeping          |       |     2 ||     2
  Eat: Ration            |     1 |     1 ||     2
       Chunk             |       |     2 ||     2
Armor: Leather armour    |     9 |     9 ||    18
       Animal skin       |       |    18 ||    18
Dodge: Dodged            |    43 |    68 ||   111
Block: Tower shield      |    25 |       ||    25

Table legend:
 A = Non-vault XP
 B = Vault XP
 C = Vault XP percentage of total XP
 D = Non-vault monster count
 E = Vault monster count
 F = Vault count percentage of total count
                 A         B        C        D         E       F
            +---------+---------+-------+---------+---------+-------
      Total |     259 |      50 |  16.2 |      70 |      18 |  20.5
            +---------+---------+-------+---------+---------+-------
        D:1 |      55 |       6 |   9.8 |      28 |       3 |   9.7
        D:2 |     139 |      44 |  24.0 |      33 |      15 |  31.2
        D:3 |      65 |       0 |   0.0 |       9 |       0 |   0.0
            +---------+---------+-------+---------+---------+-------
